 Dungeon Crawl Stone Soup version 0.18-a0-1577-gf591c28 (webtiles) character file.

12718 namelastname112 the Spear-Bearer (level 11, 0/99 HPs)
             Began as a Green Draconian Gladiator on Mar 19, 2016.
             Was a Priest of Okawaru.
             Slain by a tengu warrior
             ... wielding a +0 long sword
              (11 damage)
             ... on level 12 of the Dungeon.
             The game lasted 00:14:55 (12144 turns).

namelastname112 the Spear-Bearer (DrGl)            Turns: 12144, Time: 00:14:55

Health: 0/99       AC: 12    Str: 19    XL:     11   Next: 66%
Magic:  15/15      EV: 17    Int:  8    God:    Okawaru [***...]
Gold:   788        SH:  0    Dex: 14    Spells: 0 memorised, 10 levels left

rFire  . . .     SeeInvis .     G - +11 dire flail of Day {crush, MR+}
rCold  . . .     Gourm    .     (armour unavailable)
rNeg   . . .     Faith    .     (shield currently unavailable)
rPois  +         Spirit   .     b - +0 hat
rElec  .         Dismiss  .     e - +0 cloak
rCorr  .         Reflect  .     B - +0 pair of gloves
SustAt .         Harm     .     E - +2 pair of boots
MR     +....                    (no amulet)
Stlth  +.........               (no ring)
                                L - ring of flight

@: short of breath, somewhat resistant to hostile enchantments, very unstealthy
A: breathe noxious fumes, unfitting armour, poison resistance, cold-blooded, AC
+7
a: Breathe Noxious Fumes, Heroism, Renounce Religion, Evoke Flight


You were on level 12 of the Dungeon.
You worshipped Okawaru.
Okawaru was most pleased with you.
You were not hungry.

You visited 2 branches of the dungeon, and saw 13 of its levels.

You collected 788 gold pieces.

Inventory:

Hand Weapons
 a - a +1 trident
 G - the +11 dire flail of Day (weapon) {crush, MR+}
   (You found it on level 10 of the Dungeon)

   It inflicts extra damage upon your enemies.
   It affects your resistance to hostile enchantments.
Missiles
 c - 6 throwing nets (quivered)
 H - 2 javelins
Armour
 b - a +0 hat (worn)
 e - a +0 cloak (worn)
 B - a +0 pair of gloves (worn)
 E - a +2 pair of boots (worn)
Jewellery
 L - a ring of flight (left hand)
Wands
 k - a wand of flame (27/48)
 w - a wand of paralysis (20/24)
Scrolls
 f - a scroll of amnesia
 j - 2 scrolls of recharging
 l - 5 scrolls of identify
 n - 2 scrolls of remove curse
 o - 2 scrolls of teleportation {unknown}
 q - a scroll of fear
 r - 4 scrolls of enchant armour {unknown}
 v - 2 scrolls of immolation {unknown}
 y - 3 scrolls of brand weapon {unknown}
 F - a scroll of fog
 J - a scroll of random uselessness {unknown}
Potions
 i - 2 potions of magic
 m - 5 potions of curing
 p - 2 potions of agility
 s - a potion of cure mutation
 t - 2 potions of resistance
 u - 3 potions of haste
 x - 3 potions of might
 z - a potion of cancellation
 A - 2 potions of lignification {unknown}
Books
 D - an Akashic Record

   Spells                             Type                      Level
   a - Dispersal                      Translocation                6
   b - Malign Gateway                 Summoning/Translocation      7
   c - Disjunction                    Translocation                8
   d - Controlled Blink               Translocation                8
Comestibles
 d - 11 bread rations
 g - 6 meat rations
 C - 6 beef jerkies
 I - 6 fruits
 K - 6 chunks of flesh


   Skills:
 + Level 9.9 Fighting
 * Level 3.9 Maces & Flails
 - Level 12.0 Polearms
 * Level 4.3 Throwing
 + Level 8.6 Dodging
 + Level 5.3 Invocations


You had 10 spell levels left.
You didn't know any spells.

Dungeon Overview and Level Annotations

Branches:
Dungeon (12/15)            Temple (1/1) D:5            Lair (0/8) D:9
    Orc (0/2) D:12

Altars:
Ashenzari
Cheibriados
Dithmenos
Elyvilon
Fedhas
Gozag
Kikubaaqudgha
Makhleb
Nemelex Xobeh
Okawaru
Pakellas
Qazlal
Ru
Sif Muna
Trog
Vehumet
Xom
Yredelemnul
Zin
The Shining One

Shops:
D:5 =   D:6 ?   D:7 %


Innate Abilities, Weirdness & Mutations

You can breathe blasts of noxious fumes.
Your lurid green scales are hard (AC +7).
Your body does not fit into most forms of armour.
Your system is resistant to poisons.
You are cold-blooded and may be slowed by cold attacks.


Message History

Press: ? - help, Shift-Dir - straight line, f - tengu warrior
Aim: a tengu warrior, wielding a long sword, wearing a leather armour and wearing a shield You fail to use your ability.
You sock the tengu warrior!
Your tail-slap misses the tengu warrior.
The tengu warrior is moderately wounded.
The tengu warrior hits you with a long sword!
* * * LOW HITPOINT WARNING * * *
The tengu warrior misses you. The tengu warrior claws you.
* * * LOW HITPOINT WARNING * * *
Press: ? - help, Shift-Dir - straight line, f/p - tengu warrior
Aim: a tengu warrior, wielding a long sword, wearing a leather armour and wearing a shield (moderately wounded)
You exhale a blast of noxious fumes.
The blast of choking fumes hits the tengu warrior.
The tengu warrior is moderately wounded.
You feel somewhat more hungry.
The tengu warrior is engulfed in noxious fumes.
The tengu warrior appears confused.
The tengu warrior hits you with a long sword!
You die...

#,....#.............,,,,,
#.#..,#....).##>##,<,,,,,
####.#.###.........######,,,
#...........#....)......#>,,
#.#....##}..###.####<...#,,,
******,#.###.....# #†# #....#.,,
*,,,,,,#...#.#.### #.# #........
**,**,.###.....>####.####........
*,,,,.....§§§§Q@.....†..........
****,####...###########.........
*,#......# ****** *......##.
*,......## *,,,,* #......#*,
*,......*****,**** *......#*,
**#.###.**,**,**,* *#######** #,*
#,+,,,,,,,,* * *** ****,**,**,*
**** ****,******** *,**


You could see a tengu warrior (confused).

Vanquished Creatures
  A centaur warrior (D:11)
  An unseen horror (D:11)
  5 hill giants
  An elephant (D:9)
  2 griffons (D:8)
  A spiny frog (D:9)
  4 polar bears (D:8)
  3 trolls
  Sigmund (D:5)
  2 wraiths (D:10)
  A wyvern (D:10)
  10 yaks
  2 hippogriffs
  2 mottled dragons
  2 orc warriors
  3 ice beasts
  4 ogres
  4 phantoms
  A black bear (D:8)
  2 centaurs
  A wolf (D:8)
  2 crocodiles (D:9)
  2 big kobolds
  4 giant frogs
  A wyvern skeleton (D:6)
  4 scorpions
  6 killer bees (D:10)
  4 wights (D:8)
  A howler monkey (D:9)
  7 crimson imps
  3 giant frog zombies
  A jelly (D:5)
  A quasit (D:11)
  8 hounds
  A centaur skeleton (D:9)
  8 orc priests
  A giant frog skeleton (D:8)
  2 iguanas
  5 orc wizards
  6 worker ants
  Terence (D:2)
  2 sheep (D:8)
  3 hound skeletons
  A gnoll (D:4)
  7 adders
  4 shadow imps
  2 oozes
  An adder zombie (D:5)
  3 worms
  3 giant geckos
  38 orcs
  2 ball pythons
  6 giant cockroaches
  9 goblins
  11 hobgoblins
  5 quokkas
  10 bats
  A giant cockroach zombie (D:6)
  8 giant newts
  A jackal zombie (D:8)
  21 kobolds
  A quokka zombie (D:9)
  8 rats
268 creatures vanquished.

Vanquished Creatures (others)
  5 fungi (D:9)
5 creatures vanquished.

Grand Total: 273 creatures vanquished

Notes
Turn   | Place    | Note
--------------------------------------------------------------
     0 | D:1      | namelastname112 the Draconian Gladiator began the quest for the Orb.
     0 | D:1      | Reached XP level 1. HP: 17/17 MP: 1/1
    76 | D:1      | Reached XP level 2. HP: 15/24 MP: 2/2
   529 | D:1      | Reached XP level 3. HP: 30/30 MP: 3/3
   816 | D:2      | Noticed Terence
   826 | D:2      | Killed Terence
   826 | D:2      | Reached skill level 4 in Polearms
   826 | D:2      | Reached XP level 4. HP: 29/37 MP: 4/4
  2212 | D:3      | Reached XP level 5. HP: 41/45 MP: 5/5
  2827 | D:4      | Reached skill level 5 in Polearms
  3344 | D:5      | Entered Level 5 of the Dungeon
  3350 | D:5      | Reached XP level 6. HP: 51/51 MP: 6/6
  3538 | D:5      | Found Qeklo's Jewellery Shoppe.
  3698 | D:5      | Found a radiant altar of Vehumet.
  3709 | D:5      | Reached skill level 6 in Polearms
  3926 | D:5      | Noticed Sigmund
  3942 | D:5      | Killed Sigmund
  3942 | D:5      | Your scales start taking on a lurid green colour.
  3942 | D:5      | Reached XP level 7. HP: 44/60 MP: 7/7
  3942 | D:5      | Gained mutation: Your system is resistant to poisons. [Green Draconian growth]
  4256 | D:5      | Found a basalt altar of Yredelemnul.
  4479 | D:5      | Reached skill level 7 in Polearms
  4724 | D:5      | Found a staircase to the Ecumenical Temple.
  4730 | Temple   | Entered the Ecumenical Temple
  4912 | D:6      | Reached skill level 5 in Fighting
  5001 | D:6      | Reached skill level 5 in Dodging
  5001 | D:6      | Reached XP level 8. HP: 68/68 MP: 8/8
  5075 | D:6      | Found Ciwaivuja's Magic Scroll Shoppe.
  5111 | D:6      | Found a white marble altar of Elyvilon.
  5611 | D:7      | Reached skill level 8 in Polearms
  5821 | D:7      | Found Yguesule's Food Emporium.
  6061 | D:7      | Found a shimmering altar of Xom.
  6354 | D:7      | Reached skill level 9 in Polearms
  6550 | D:8      | Found a bloodstained altar of Trog.
  6617 | D:8      | Reached XP level 9. HP: 71/78 MP: 9/9
  6807 | D:8      | Found a huge runed gate.
  6808 | D:8      | Found a huge runed gate.
  6809 | D:8      | Found a huge runed gate.
  6809 | D:8      | Noticed a griffon
  6809 | D:8      | Noticed a griffon
  6809 | D:8      | Noticed a polar bear
  6809 | D:8      | Noticed a polar bear
  6810 | D:8      | Found a huge runed gate.
  6810 | D:8      | Noticed a polar bear
  6810 | D:8      | Noticed a polar bear
  6811 | D:8      | Noticed a polar bear
  6892 | D:8      | Found a shadowy altar of Dithmenos.
  7795 | D:8      | Killed a griffon
  7801 | D:8      | Killed a griffon
  7801 | D:8      | Reached skill level 10 in Polearms
  7835 | D:8      | Killed a polar bear
  8038 | D:8      | Killed a polar bear
  8047 | D:8      | Killed a polar bear
  8047 | D:8      | Reached XP level 10. HP: 55/88 MP: 10/10
  8380 | D:9      | Found a glowing silver altar of Zin.
  8385 | D:9      | Found a blossoming altar of Fedhas.
  8426 | D:9      | Reached skill level 11 in Polearms
  8881 | D:9      | Found an iron altar of Okawaru.
  8925 | D:9      | Noticed a spiny frog
  8949 | D:9      | Killed a spiny frog
  9000 | D:9      | Became a worshipper of Warmaster Okawaru
  9192 | D:9      | Noticed a hill giant
  9209 | D:9      | Killed a hill giant
  9262 | D:9      | Found a stormy altar of Qazlal.
  9368 | D:9      | Found a staircase to the Lair.
  9368 | D:9      | Noticed an elephant
  9411 | D:9      | Killed an elephant
  9411 | D:9      | Reached * piety under Okawaru
  9411 | D:9      | Reached skill level 1 in Invocations
  9845 | D:9      | Found a shattered altar of Ashenzari.
  9849 | D:9      | Found an ancient bone altar of Kikubaaqudgha.
  9967 | D:10     | Entered Level 10 of the Dungeon
 10490 | D:10     | Noticed a hill giant
 10510 | D:10     | Killed a hill giant
 10510 | D:10     | Reached ** piety under Okawaru
 10510 | D:10     | Reached skill level 12 in Polearms
 10510 | D:10     | Reached XP level 11. HP: 90/97 MP: 12/14
 10762 | D:10     | Got a translucent dire flail
 10763 | D:10     | Identified the +11 dire flail of Day {crush, MR+} (You found it on level 10 of the Dungeon)
 11035 | D:11     | Reached skill level 1 in Maces & Flails
 11419 | D:11     | Noticed a centaur warrior
 11435 | D:11     | Killed a centaur warrior
 11610 | D:11     | Killed an unseen horror
 11636 | D:11     | Noticed a hill giant
 11787 | D:11     | Killed a hill giant
 11787 | D:11     | Reached *** piety under Okawaru
 11787 | D:11     | Reached skill level 5 in Invocations
 11905 | D:11     | Noticed a hill giant
 11916 | D:11     | Killed a hill giant
 11962 | D:12     | Noticed a hill giant
 11972 | D:12     | Killed a hill giant
 12046 | D:12     | HP: 4/99 [troll (4)]
 12140 | D:12     | Noticed a tengu warrior
 12144 | D:12     | Slain by a tengu warrior

Vault maps used:
D:1:      shiori_arrival_maze
D:2:      grunt_decor_mini_mirrors, uniq_terence
D:3:      corexii_item_surrounded_by_moat
D:5:      vehumet_altar_wand_db, marbit_many_paths, minmay_temple_entry_fiery,
          first_bread, serial_shops, kennysheep_mini_moat, uniq_sigmund
D:6:      elyvilon_altar_4, serial_shops, nicolae_shop_stone, serial_glass,
          glass_columns_a, glass_columns_b
D:7:      xom_teletrap_fun, serial_shops, shop
D:8:      lemuel_bear_cage, lemuel_doored_altar,
          grunt_dithmenos_smoke_and_mirrors
D:9:      okawaru_ov_weapons_minmay, nicolae_qazlal_style_of_elements,
          grunt_temple_overflow_open, david_lair_generic, grunt_ogre_cave,
          minmay_gold_behind_fungi
D:10:     hangedman_decor_points
D:12:     hangedman_cross_veins, kennysheep_orc_monster_closet_entryway,
          portal_ice_cave_entry_ice_beasts, grunt_pakellas_mercury
Temple:   circular_temple_pool_8

Skill      XL: |  1  2  3  4  5  6  7  8  9 10 11 |
---------------+----------------------------------+-----
Dodging        | 3 4 5 7 8 |  8.6
Polearms       | 4 5 6 7 9 10 12 | 12.0
Fighting       | 3 4 5 6 8 9 |  9.9
Invocations    | 4 5 |  5.3
Throwing       | 4 |  4.3
Maces & Flails | 3 |  3.9

Action                   |  1- 3 |  4- 6 |  7- 9 | 10-12 || total
-------------------------+-------+-------+-------+-------++-------
Melee: Trident           |   112 |   193 |   420 |   351 ||  1076
       Dire flail        |       |       |       |   118 ||   118
Throw: Throwing net      |       |       |       |     1 ||     1
 Abil: Breathe Noxious F |       |       |     9 |    20 ||    29
  Use: Potion            |       |     3 |       |       ||     3
       Scroll            |       |       |    12 |     1 ||    13
 Stab: Sleeping          |     3 |     4 |     2 |     1 ||    10
       Confused          |       |       |    11 |    19 ||    30
  Eat: Chunk             |       |     5 |    12 |    17 ||    34
       Beef jerky        |       |     1 |       |       ||     1
       Meat ration       |       |     1 |       |       ||     1
       Pizza             |       |       |     1 |       ||     1
